 Dungeon Crawl Stone Soup version 0.27.1-2-g3b301248ec (webtiles) character file.

Game seed: 14352990895634086718

44 babuloseo the Slasher (level 3, -1/27 HPs)
             Began as a Human Gladiator on Sept 26, 2021.
             Was a Follower of Cheibriados.
             Succumbed to an adder's poison
             ... on level 2 of the Dungeon.
             The game lasted 00:00:49 (1023 turns).

babuloseo the Slasher (Human Gladiator)             Turns: 1023, Time: 00:00:50

Health: -1/27      AC:  4    Str: 18    XL:     3   Next: 85%
Magic:  3/3        EV: 13    Int: 11    God:    Cheibriados [*.....]
Gold:   40         SH:  0    Dex: 17    Spells: 2/2 levels left

rFire    . . .     SeeInvis +   a - +0 long sword
rCold    . . .     Faith    .   (no shield)
rNeg     . . .     Spirit   .   b - +0 leather armour
rPois    .         Reflect  .   c - +0 helmet
rElec    .         Harm     .   (no cloak)
rCorr    .         Rampage  .   (no gloves)
Will     .....                  (no boots)
Stlth    +.........             (no amulet)
HPRegen  0.09/turn              e - ring of see invisible
MPRegen  0.08/turn              (no ring)

@: lethally poisoned (-1 -> -11), very slow
A: no striking features
a: Renounce Religion, Bend Time


You were on level 2 of the Dungeon.
You worshipped Cheibriados.
Cheibriados was aware of your devotion.
You visited 1 branch of the dungeon, and saw 2 of its levels.

You collected 40 gold pieces.

Inventory:

Hand Weapons
 a - a +0 long sword (weapon)
Missiles
 d - 3 throwing nets (quivered)
 f - 2 silver javelins
Armour
 b - a +0 leather armour (worn)
 c - a +0 helmet (worn)
Jewellery
 e - a ring of see invisible (left hand)


   Skills:
 + Level 2.2 Fighting
 + Level 3.5 Long Blades
 + Level 2.1 Throwing
 + Level 1.3 Armour
 + Level 3.3 Dodging


You had 2 spell levels left.
You didn't know any spells.
Your spell library contained the following spells:

 Spells                   Type           Power      Damage    Failure   Level
 Hailstorm                Conj/Ice       0%         3d3       99%         4
 Ice Form                 Ice/Tmut       0%         N/A       99%         4
 Simulacrum               Ice/Necr       0%         N/A       100%        6


Dungeon Overview and Level Annotations

Branches:
Dungeon (2/15)

Altars:
Cheibriados


Message History

You are poisoned.
The adder poisons you! The adder barely misses you.
You riposte.
You closely miss the adder. You closely miss the adder.
You feel sick. The adder bites you.
You are more poisoned.
The adder poisons you!
You hit the adder.
The adder is moderately wounded.
You feel sick. The adder bites you.
You are more poisoned.
The adder poisons you! The adder barely misses you.
You miss the adder.
The adder is moderately wounded.
You feel very sick. The adder bites you but does no damage.
You closely miss the adder.
The adder is moderately wounded.
You feel sick. The adder bites you but does no damage.
The adder barely misses you.
You riposte.
You hit the adder.
The adder is almost dead.
You are too injured to fight recklessly!
You are too injured to fight recklessly!
You are too injured to fight recklessly!
You hit the adder.
The adder is almost dead.
You feel sick. The adder bites you. The adder misses you.
You miss the adder.
The adder is almost dead.
You feel sick. The adder bites you.
* * * LOW HITPOINT WARNING * * *
You are more poisoned.
The adder poisons you!
You hit the adder.
You kill the adder!
Cheibriados thoroughly appreciates the change of pace.
* * * LOW HITPOINT WARNING * * *
You feel very sick.
Your Armour skill increases to level 1!
Found a murky dark potion.
You die...

### ..# # #.#
#.#?# ## .#.### ..
....
#####.####.#####.#
.......@..........
#####..†....####.#
......###†.#
!..:... #..####..
....... #........
....... #.#######
....... #.#
....... #.# #^#


There were no monsters in sight!

Vanquished Creatures
  2 adders (D:2)
  2 ball pythons (D:1)
  2 bats (D:1)
  4 endoplasms (D:1)
  2 giant cockroaches
  2 hobgoblins (D:1)
  2 frilled lizards (D:1)
  5 goblins
  A rat (D:1)
22 creatures vanquished.

Notes
Turn   | Place    | Note
-------+----------+-------------------------------------------
     0 | D:1      | babuloseo the Human Gladiator began the quest for the Orb.
     0 | D:1      | Reached XP level 1. HP: 16/16 MP: 1/1
   110 | D:1      | Reached XP level 2. HP: 20/22 MP: 2/2
   161 | D:1      | Found a faded altar of an unknown god.
   174 | D:1      | Became a worshipper of Cheibriados the Contemplative
   174 | D:1      | Reached * piety under Cheibriados
   658 | D:1      | Reached XP level 3. HP: 27/27 MP: 3/3
  1022 | D:2      | HP: 1/27 [poisoned by an adder]
  1023 | D:2      | Reached skill level 1 in Armour
  1023 | D:2      | Succumbed to an adder's poison

Illustrated notes

Levels and vault maps discovered:
D:1:      sevenhm_arrival_forest_fort_small_3, layout_basic,
          hellmonk_ecumenical_altar_pennies_from_heaven, corexii_hall_statues_u
D:2:      layout_basic, uniq_terence, uniq_jessica

Skill      XL: |  1  2  3 |
---------------+----------+-----
Armour         | 1 |  1.3
Fighting       | |  2.2
Long Blades    | |  3.5
Throwing       | |  2.1
Dodging        | |  3.3

Action                   || total
-------------------------++-------
Melee: Long sword        ||    67
Armor: Leather armour    ||    30
Dodge: Dodged            ||    58
       Rpst.: Long sword ||    19
